 Dungeon Crawl Stone Soup version 0.27-a0-592-g0306a34022 (webtiles) character file.

Game seed: 14598141633679747816

718 laurelia the Destroyer (level 7, 0/36 HPs)
             Began as a Tengu Conjurer on Mar 10, 2021.
             Was an Initiate of Vehumet.
             Succumbed to a worker ant's poison
             ... on level 5 of the Dungeon.
             The game lasted 00:19:32 (5459 turns).

laurelia the Destroyer (Tengu Conjurer)             Turns: 5459, Time: 00:19:33

Health: 0/36       AC:  3    Str:  8    XL:     7   Next: 70%
Magic:  10/16      EV: 12    Int: 20    God:    Vehumet [......]
Gold:   182        SH:  0    Dex: 12    Spells: 14/17 levels left

rFire    + . .     SeeInvis .   s - +8 whip of Forced Transition {freeze, rF+}
rCold    . . .     Faith    .   (no shield)
rNeg     . . .     Spirit   .   i - +0 robe
rPois    .         Reflect  .   (helmet restricted)
rElec    .         Harm     .   (no cloak)
rCorr    +         Rampage  .   l - +0 pair of gloves
Will     .....                  (boots unavailable)
Stlth    ++........             (no amulet)
HPRegen  0.12/turn              r - ring of resist corrosion
MPRegen  0.15/turn              (no ring)

@: lethally poisoned (0 -> -4)
A: beak, talons 3, able to fly
a: Fly, Renounce Religion


You were on level 5 of the Dungeon.
You worshipped Vehumet.
Vehumet was noncommittal.
You visited 1 branch of the dungeon, and saw 5 of its levels.

You collected 182 gold pieces.

Inventory:

Hand Weapons
 d - a +4 short sword of electrocution
 s - the +8 whip of Forced Transition (weapon) {freeze, rF+}
   (You found it on level 4 of the Dungeon)

   It has been specially enchanted to freeze those struck by it, causing extra
   injury to most foes and up to half again as much damage against particularly
   susceptible opponents.
   It can also slow down cold-blooded creatures.
   It protects you from fire.
Armour
 i - a +0 robe (worn)
 l - a +0 pair of gloves (worn)
Jewellery
 r - a ring of resist corrosion (right hand)
Wands
 h - a wand of acid (9)
 k - a wand of flame (43)
Scrolls
 a - a scroll of fear {unknown}
 c - 3 scrolls of identify
 e - 3 scrolls of teleportation
 f - 3 scrolls of blinking
 o - a scroll of immolation {unknown}
 p - a scroll of enchant armour {unknown}
 q - 2 scrolls of fog {unknown}
Potions
 g - a potion of might
 j - a potion of flight


   Skills:
 - Level 2.2 Dodging
 - Level 2.1 Stealth
 * Level 5.6 Spellcasting
 + Level 9.2 Conjurations


You had 14 spell levels left.
You knew the following spells:

 Your Spells              Type           Power      Damage    Failure   Level
a - Magic Dart            Conj           100%       1d8       1%          1
b - Searing Ray           Conj           84%        3d6       1%          2

Your spell library contained the following spells:

 Spells                   Type           Power      Damage    Failure   Level
 Dazzling Flash           Conj/Hex       48%        N/A       4%          3
 Fulminant Prism          Conj/Hex       12%        3d9       16%         4
 Iskenderun's Mystic Bla  Conj/Tloc      24%        2d7       16%         4


Dungeon Overview and Level Annotations

Branches:
Dungeon (5/15)
 Temple: D:4-7

Altars:
Dithmenos
Gozag
Hepliaklqana
Makhleb
Okawaru
Trog
Vehumet
Wu Jian


Innate Abilities, Weirdness & Mutations

You have a beak for a mouth.
You have claws for feet.
You can fly continuously.


Message History

You are more confused.
Okay, then.
It was a potion of heal wounds.
You feel much better.
It was a potion of curing.
You feel better.
You are confused.
The orc wizard casts a spell at you. You resist with some effort.
You're too confused to cast spells.
You bump into the rock wall.
You feel less confused.
The orc wizard hits you with a +0 dagger.
The orc wizard casts a spell at you.
You are confused.
You're too confused to move!
The worker ant misses you.
You're too confused to move!
The worker ant closely misses you.
The orc wizard hits you with a +0 dagger.
You bump into the rock wall.
The worker ant bites you. Something hits you. The worker ant barely misses you.
The orc wizard hits you with a +0 dagger.
You closely miss the worker ant. The worker ant bites you.
You are poisoned.
The worker ant poisons you!
You hear some strange, mumbled words.
A puff of flame appears from out of thin air!
The puff of flame hits you. You resist. The orc wizard casts a spell at you.
The magic dart hits you!
You whack the orc wizard! You freeze the orc wizard.
You claw the orc wizard, but do no damage.
The orc wizard is heavily wounded.
You feel less confused.
You feel sick. The worker ant closely misses you. Something barely misses you.
The orc wizard hits you but does no damage.
The worker ant bites you.
* * * LOW HITPOINT WARNING * * *
Something hits you.
* * * LOW HITPOINT WARNING * * *
The worker ant bites you.
* * * LOW HITPOINT WARNING * * *
You die...

####..##.......# .#
##............ .
#....^....#...
##....#...####
###....#...##
####...........#
#..oB.##.....#.###
#...{..........[>#.
#..@...............
##.................
##................
#................
#...(............
##.#.....†.......
##......<.......
#...............
##..............


You could see a worker ant and an orc wizard.

Vanquished Creatures
  A sky beast (D:5)
  An orc warrior (D:5)
  An ogre (D:4)
  A centaur skeleton (D:4)
  2 hounds (D:4)
  2 iguanas (D:4)
  A statue (D:4)
  4 worker ants
  8 adders
  2 oozes
  A worm (D:2)
  5 dart slugs
  6 leopard geckos
  6 orcs
  2 ball pythons (D:3)
  10 bats
  3 giant cockroaches
  8 goblins
  7 hobgoblins
  2 jackals (D:4)
  3 quokkas
  7 frilled lizards
  11 kobolds
  15 rats
109 creatures vanquished.

Vanquished Creatures (others)
  2 fungi (D:1)
2 creatures vanquished.

Grand Total: 111 creatures vanquished

Notes
Turn   | Place    | Note
-------+----------+-------------------------------------------
     0 | D:1      | laurelia the Tengu Conjurer began the quest for the Orb.
     0 | D:1      | Reached XP level 1. HP: 10/10 MP: 4/4
   231 | D:1      | Reached XP level 2. HP: 15/15 MP: 4/6
   250 | D:1      | Learned a level 2 spell: Searing Ray
   302 | D:1      | Reached skill level 6 in Conjurations
   445 | D:1      | Reached XP level 3. HP: 19/19 MP: 4/7
  1175 | D:2      | Found a bloodstained altar of Trog.
  1178 | D:2      | Found a shadowy altar of Dithmenos.
  1183 | D:2      | Found a hazy altar of Hepliaklqana.
  1365 | D:2      | Reached XP level 4. HP: 24/24 MP: 6/8
  1764 | D:2      | Reached skill level 7 in Conjurations
  2218 | D:3      | Found an ornate altar of the Wu Jian Council.
  2470 | D:3      | Gained mutation: You can fly continuously. [Tengu growth]
  2470 | D:3      | Reached XP level 5. HP: 28/28 MP: 5/10
  2668 | D:3      | Found a burning altar of Makhleb.
  3315 | D:3      | Found an opulent altar of Gozag.
  3727 | D:4      | Found an iron altar of Okawaru.
  3731 | D:4      | Reached skill level 8 in Conjurations
  3891 | D:4      | Reached XP level 6. HP: 32/32 MP: 6/12
  4421 | D:4      | Identified the +8 whip of Forced Transition {freeze, rF+}
  4501 | D:4      | Found a radiant altar of Vehumet.
  4511 | D:4      | Reached XP level 7. HP: 36/36 MP: 5/15
  4584 | D:4      | Became a worshipper of Vehumet
  4854 | D:5      | Entered Level 5 of the Dungeon
  5148 | D:4      | Reached skill level 5 in Spellcasting
  5298 | D:5      | Reached skill level 9 in Conjurations
  5458 | D:5      | HP: 1/36 [worker ant (5)]
  5459 | D:5      | Succumbed to a worker ant's poison

Illustrated notes

Levels and vault maps discovered:
D:1:      lemuel_arrival_muddy, layout_rooms, hex_tiny
D:2:      layout_loops_ring, grunt_temple_overflow_diamond, solitary_fountain,
          grunt_ministairs_2
D:3:      minmay_thinvault, layout_basic, nicolae_overflow_hidden_temple,
          pdpol_wu_jian_five_deadly_venoms, kennysheep_nub,
          nicolae_gozag_seed_capital
D:4:      layout_basic, vehumet_statue, okawaru_trees_2
D:5:      layout_cave_pools, lemuel_coloured_pillars_altar,
          minmay_temple_entry_statues_pillars, uniq_edmund

Skill      XL: |  1  2  3  4  5  6  7 |
---------------+----------------------+-----
Conjurations   | 6 7 8 9 |  9.2
Spellcasting   | 3 4 5 |  5.6
Dodging        | |  2.2
Stealth        | |  2.1

Action                   |  1- 3 |  4- 6 |  7- 9 || total
-------------------------+-------+-------+-------++-------
Melee: Short sword       |    14 |    13 |       ||    27
       Peck              |     2 |       |       ||     2
       Whip              |       |       |     2 ||     2
       Kick              |       |       |     1 ||     1
 Cast: Magic Dart        |    50 |    70 |    11 ||   131
       Searing Ray       |     2 |    22 |     7 ||    31
  Use: Scroll            |       |       |     5 ||     5
       Potion            |       |       |     2 ||     2
 Stab: Distracted        |     1 |       |       ||     1
       Sleeping          |       |     1 |       ||     1
Armor: Robe              |     5 |     4 |     3 ||    12
Dodge: Dodged            |     3 |    14 |    14 ||    31
Block: Buckler           |       |     4 |       ||     4

Table legend: (Time is in decaauts)
 A = Elapsed time spent in this place.
 B = Non-inter-level travel time spent in this place.
 C = Inter-level travel time spent in this place.
 D = Time resting spent in this place.
 E = Time spent auto-exploring this place.
 F = Levels seen in this place.
 G = Mean time per level.
                   A        B        C        D        E       F      G
               +--------+--------+--------+--------+--------+-----+--------+
         Total |   5466 |   5266 |    200 |   1734 |   2800 |   5 | 1093.2 |
       Dungeon |   5466 |   5266 |    200 |   1734 |   2800 |   5 | 1093.2 |
               +--------+--------+--------+--------+--------+-----+--------+

Top non-repeatable levels by time:
     D:4: 1612 daAuts
     D:3: 1537 daAuts
     D:2: 1157 daAuts
     D:1: 976 daAuts
     D:5: 182 daAuts
